 Dungeon Crawl Stone Soup version 0.29-a0-371-g91724d5b39 (webtiles) character file.

Game seed: 355777889455868375

9 psuckher the Insei (level 2, -3/19 HPs)
             Began as an Octopode Wanderer on May 2, 2022.
             Slain by a quokka (5 damage)
             ... on level 1 of the Dungeon.
             The game lasted 00:01:13 (94 turns).

psuckher the Insei (Octopode Wanderer)                Turns: 94, Time: 00:01:14

Health: -3/19      AC:  1    Str: 11    XL:     2   Next: 12%
Magic:  2/2        EV: 12    Int: 11    God:
Gold:   11         SH:  0    Dex: 14    Spells: 1/1 levels left

rFire   + . .      SeeInvis .   h - +0 hand axe
rCold   x . .      Faith    .   (no shield)
rNeg    . . .      Spirit   .   (helmet restricted)
rPois   .          Reflect  .   (no amulet)
rElec   .          Harm     .   g - ring of fire
rCorr   .          Rampage  .   (no ring)
Will    .....                   (no ring)
Stlth   +++.......              (no ring)
HPRegen 0.06/turn               (no ring)
MPRegen 0.08/turn               (no ring)
                                (no ring)
                                (no ring)

@: no status effects
A: almost no armour, amphibious, 8 rings, camouflage 1, gelatinous body 1,
(nimble swimmer 1), tentacles
a: no special abilities


You were on level 1 of the Dungeon.
You visited 1 branch of the dungeon, and saw 1 of its levels.

You collected 11 gold pieces.

Inventory:

Hand Weapons
 a - a +0 spear
 e - a +0 dagger
 h - a +0 hand axe (weapon)
Missiles
 d - 7 boomerangs (quivered)
Jewellery
 g - a ring of fire (left tentacle)
Scrolls
 b - a scroll of fear
Potions
 c - a potion of berserk rage
 f - a potion of curing


   Skills:
 + Level 2.0 Fighting
 + Level 2.1 Polearms
 + Level 2.2 Throwing
 + Level 1.3 Stealth
 + Level 3.3 Unarmed Combat


You had one spell level left.
You didn't know any spells.
Your spell library was empty.

Dungeon Overview and Level Annotations

Branches:
Dungeon (1/15)

Altars:


Innate Abilities, Weirdness & Mutations

You cannot wear most types of armour.
You are amphibious.
You can wear up to eight rings at the same time.
Your skin changes colour to match your surroundings (Stealth+).
Your rubbery body absorbs attacks. (AC +1, EV +1)
((You are camouflaged when in or above water. (Stealth+)))
You have tentacles for arms and can constrict up to eight enemies at once.


Message History

a +0 short sword; a kobold corpse You hit the bat.
You grab the bat.
The bat is heavily wounded.
You constrict the bat. The bat hits you.
* * * LOW HITPOINT WARNING * * *
The bat struggles to escape constriction.
The bat escapes!
You barely miss the bat. Your grab misses the bat.
The bat is moderately wounded.
The bat hits you but does no damage.
You hit the rat. You grab the rat.
The rat is moderately wounded.
You constrict the rat.
You kill the rat!
The bat closely misses you.
You hit the bat. You grab the bat. You squeeze the bat.
You kill the bat!
Found 9 gold pieces.
You see here a rat corpse.
Found a robe.
You see here a +0 hand axe.
h - a +0 hand axe
h - a +0 hand axe (weapon)
A quokka comes into view.
Found 13 gold pieces and a scroll labelled SOMOAWNISY.
A kobold comes into view. It is wielding a +0 whip.
Found 9 gold pieces.
The quokka bites you.
* * * LOW HITPOINT WARNING * * *
The quokka closely misses you.
You closely miss the quokka. Your grab misses the quokka.
The quokka misses you.
You hit the quokka but do no damage. Your grab misses the quokka.
Your squeeze misses the quokka. The quokka misses you.
You hit the quokka. You grab the quokka.
The quokka is moderately wounded.
You constrict the quokka, but do no damage.
The kobold shouts!
The quokka bites you.
You die...

..##########.##
#.....#..#.....†....#
#......#........)...#
........#......)....##
.........#.>$.†.........
.....?...#............#.
.K.......#..............
......r..#.)............
.......@.#..........##..
...................## ##
.........#########.#
.$....[.$# .# ..........
# .....$...#.
.........## ........##
.....#


You could see a quokka and a kobold.

Vanquished Creatures
  A bat (D:1)
  2 endoplasms (D:1)
  A goblin (D:1)
  2 ball pythons (D:1)
  A kobold (D:1)
  A rat (D:1)
8 creatures vanquished.

Notes
Turn   | Place    | Note
-------+----------+-------------------------------------------
     0 | D:1      | psuckher the Octopode Wanderer began the quest for the Orb.
     0 | D:1      | psuckher set off with the following items: a +0 spear, a
                  | scroll of fear, a potion of berserk rage, 7 boomerangs, a
                  | +0 dagger, a potion of curing
     0 | D:1      | Reached XP level 1. HP: 14/14 MP: 1/1
    71 | D:1      | Reached XP level 2. HP: 6/19 MP: 2/2
    94 | D:1      | Slain by a quokka

Illustrated notes

Levels and vault maps discovered:
D:1:      psy_arrival_wood_between_worlds, layout_rooms,
          shapermc_ecumenical_altar_acropolis

Action                   || total
-------------------------++-------
Melee: Spear             ||    15
       Constrict         ||     6
       Tentacles         ||     3
       Hand axe          ||     3
Armor: Skin              ||     3
Dodge: Dodged            ||    14

Table legend: (Time is in decaauts)
 A = Elapsed time spent in this place.
 B = Non-inter-level travel time spent in this place.
 C = Inter-level travel time spent in this place.
 D = Time resting spent in this place.
 E = Time spent auto-exploring this place.
 F = Levels seen in this place.
 G = Mean time per level.
                   A        B        C        D        E       F      G
               +--------+--------+--------+--------+--------+-----+--------+
         Total |     93 |     86 |      7 |      0 |      0 |   1 |   93.0 |
       Dungeon |     93 |     86 |      7 |      0 |      0 |   1 |   93.0 |
               +--------+--------+--------+--------+--------+-----+--------+

Top non-repeatable levels by time:
     D:1: 93 daAuts
